 Dungeon Crawl Stone Soup version 0.26-a0-812-g31a745ddcd (webtiles) character file.

Game seed: 5066787286401956336

2982 CypherZel the Transmogrifier (level 9, 0/93 HPs)
             Began as an Octopode Transmuter on Nov 17, 2020.
             Was a Follower of Cheibriados (penitent).
             Succumbed to a killer bee's poison
             ... on level 8 of the Dungeon on Nov 18, 2020.
             The game lasted 00:53:23 (14602 turns).

CypherZel the Transmogrifier (Octopode Transmuter) Turns: 14602, Time: 00:53:24

Health: 0/93       AC:  1    Str:  9    XL:     9   Next: 83%
Magic:  11/17      EV: 28    Int: 19    God:    Cheibriados [*]
Gold:   409        SH:  0    Dex: 12    Spells: 4/18 levels left

rFire    . . .     SeeInvis .     - Unarmed
rCold    . . .     Faith    .   (no shield)
rNeg     . . .     Spirit   .   (helmet restricted)
rPois    .         Reflect  .   q - amulet of the acrobat
rElec    .         Harm     .   (no ring)
rCorr    .         Rampage  .   (no ring)
MR       .....                  (no ring)
Stlth    ..........             (no ring)
HPRegen  0.25/turn              (no ring)
MPRegen  0.15/turn              (no ring)
                                (no ring)
                                (no ring)

@: berserking (expiring), lethally poisoned (0 -> -16), wereblooded, acrobat,
very slow
A: almost no armour, stealthy swim, amphibious, 8 rings, constrict 8, tentacle
spike 1, camouflage 1, gelatinous body 1, subdued magic 1
a: Renounce Religion


You were on level 8 of the Dungeon.
You worshipped Cheibriados.
Cheibriados was demanding penance.
You visited 2 branches of the dungeon, and saw 10 of its levels.

You collected 409 gold pieces.

Inventory:

Missiles
 c - 260 stones
 r - 13 poisoned darts (quivered)
 u - 4 atropa-tipped darts
Jewellery
 q - an amulet of the acrobat (around mantle)
 v - a -4 ring of slaying
Wands
 p - a wand of acid (8)
 w - a wand of polymorph (7)
 y - a wand of flame (10)
Scrolls
 e - a scroll of fear
 i - 3 scrolls of remove curse
 j - 5 scrolls of enchant weapon
 n - 4 scrolls of teleportation
 o - 4 scrolls of magic mapping
 s - a scroll of enchant armour
 z - 3 scrolls of identify
Potions
 a - a potion of invisibility
 d - a potion of cancellation
 f - a potion of lignification
 g - a potion of attraction
 h - a potion of flight
 k - a potion of haste
 l - a potion of brilliance
 m - a potion of resistance
 x - 2 potions of degeneration
 A - a potion of might


   Skills:
 - Level 6.2 Fighting
 - Level 2.0 Dodging
 - Level 6.0 Unarmed Combat
 + Level 5.4 Spellcasting
 + Level 9.2 Transmutations


You had 4 spell levels left.
You knew the following spells:

 Your Spells              Type           Power        Failure   Level
a - Ice Form              Ice/Tmut       ###.....     16%         4
b - Wereblood             Tmut           ####....     1%          2
c - Spider Form           Tmut/Pois      ###.......   4%          3
d - Blade Hands           Tmut           ####......   6%          5

Your spell library contained the following spells:

 Spells                   Type           Power        Failure   Level
 Beastly Appendage        Tmut           ####..       1%          1
 Apportation              Tloc           #.....       10%         1
 Corona                   Hex            #......      10%         1
 Foxfire                  Conj/Fire      #...         10%         1
 Slow                     Hex            #.......     16%         2
 Petrify                  Tmut/Erth      ###.....     16%         4
 Confusing Touch          Hex            #.......     30%         3
 Conjure Flame            Conj/Fire      #.......     30%         3
 Gell's Gravitas          Tloc           #.........   30%         3
 Inner Flame              Hex/Fire       #.......     30%         3
 Portal Projectile        Hex/Tloc       #.....       30%         3
 Cause Fear               Hex            #.........   71%         4
 Leda's Liquefaction      Hex/Erth       #.........   71%         4
 Sticky Flame             Conj/Fire      #.......     71%         4
 Yara's Violent Unravell  Hex/Tmut       ###.......   41%         5
 Fireball                 Conj/Fire      #.........   96%         5
 Metabolic Englaciation   Hex/Ice        #.........   96%         5


Dungeon Overview and Level Annotations

Branches:
Dungeon (9/15)             Temple (1/1) D:6
   Lair: D:8-11         Orc: D:9-12

Altars:
Ashenzari
Cheibriados
Elyvilon
Fedhas
Gozag
Hepliaklqana
Kikubaaqudgha
Makhleb
Nemelex Xobeh
Okawaru
Qazlal
Ru
Sif Muna
Trog
Uskayaw
Vehumet
Wu Jian
Xom
Yredelemnul
Zin
The Shining One

Shops:
D:6 [(

Annotations:
D:7 exclusion: oklob plant
D:8 3 runed translucent doors, exclusion: downstairs, PanSaczeczos's ghost, novice OpVM


Innate Abilities, Weirdness & Mutations

You cannot wear most types of armour.
You are very stealthy in the water. (Stealth+)
You are amphibious.
You can wear up to eight rings at the same time.
You can use your tentacles to constrict eight enemies at once.
Your skin changes colour to match your surroundings (Stealth+).
Your rubbery body absorbs attacks. (AC +1, EV +1)
One of your tentacles bears a spike.
Your spells are a little easier to cast, but a little less powerful.


Message History

A red film seems to cover your vision as you go berserk!
Cheibriados thinks you should slow down.
You feel very guilty.
Cheibriados lowers the support of your attributes as your movement quickens. "You will pay for your transgression, mortal!"
Cheibriados forces you to slow down.
You feel mighty!
* * * LOW HITPOINT WARNING * * *
You feel sick.
You are too berserk!
You feel a strong urge to attack something.
* * * LOW HITPOINT WARNING * * *
You feel sick.
You are too berserk!
* * * LOW HITPOINT WARNING * * *
You feel sick.
You are too berserk!
You are too berserk!
You feel your anger nearly subside.
You die...

###.##.#############..# #.###...
#.............# #..# #.# ##..
#.#....######.# #..# #.# ##.
#>###...# #.# #..###.#####. #.#
#.#.# #.# #.........##. #.#
#.#.# #.# #...##.##(##. #.#
#.#.#####.######...##.##.##.
#.###.........#........##.......
#.............#@####.#.#####.###
#######.#####.#.####.#.#####.###
#.# #........#.........# #.###
###.############.... #...#
#.......# #.#.. ###.# #######.#
#...# #.# #.# #..## #.# #.#
##.#Y #.# #.# #.#Z


There were no monsters in sight!

Vanquished Creatures
  A centaur skeleton (D:6)
  The ghost of Blackmass the Insei, an amateur OpTm (D:4)
  Eustachio (D:6)
  2 black bears
  An orc warrior (D:8)
  A phantom (D:8)
  3 ogres
  A big kobold (D:5)
  6 bullfrogs
  A wyvern zombie (D:8)
  A scorpion (D:4)
  4 killer bees
  2 howler monkeys
  2 crimson imps
  2 hounds
  A gnoll shaman (D:4)
  2 orc priests
  9 orc wizards
  An iguana (D:2)
  7 worker ants
  A hound zombie (D:6)
  A worker ant zombie (D:6)
  11 adders
  A white imp (D:6)
  2 ufetubi (D:6)
  2 oozes
  5 worms
  2 adder skeletons
  3 dart slugs
  2 leopard geckos (D:3)
  21 orcs
  4 bats
  7 giant cockroaches
  3 goblins
  4 hobgoblins
  10 jackals
  10 kobolds
  3 quokkas
  A ball python (D:3)
  2 frilled lizards
  A leopard gecko zombie (D:8)
  A quokka zombie (D:5)
  11 rats
157 creatures vanquished.

Vanquished Creatures (others)
  2 withered plants (D:4)
2 creatures vanquished.

Grand Total: 159 creatures vanquished

Notes
Turn   | Place    | Note
-------+----------+-------------------------------------------
     0 | D:1      | CypherZel the Octopode Transmuter began the quest for the
                  | Orb.
     0 | D:1      | Reached XP level 1. HP: 13/13 MP: 3/3
   465 | D:1      | Reached XP level 2. HP: 17/18 MP: 3/5
  1413 | D:1      | Reached XP level 3. HP: 24/24 MP: 4/6
  1803 | D:2      | Reached XP level 4. HP: 22/31 MP: 5/7
  2048 | D:2      | Found a hide-covered altar of Uskayaw.
  2321 | D:2      | Found a sparkling altar of Nemelex Xobeh.
  2457 | D:2      | Found a bloodstained altar of Trog.
  3259 | D:3      | Gained mutation: You expend magic power (3 MP) to
                  | strengthen your wands. [potion of mutation]
  3259 | D:3      | Gained mutation: Your magical capacity is low. (-10% MP)
                  | [potion of mutation]
  3259 | D:3      | Gained mutation: You have a pair of small antennae on your
                  | head. [potion of mutation]
  3264 | D:3      | Reached skill level 3 in Transmutations
  3264 | D:3      | Reached XP level 5. HP: 15/36 MP: 3/8
  3265 | D:3      | Lost mutation: You expend magic power (3 MP) to strengthen
                  | your wands. [potion of mutation]
  3265 | D:3      | Lost mutation: Your magical capacity is low. (-10% MP)
                  | [potion of mutation]
  3265 | D:3      | Lost mutation: You have a pair of small antennae on your
                  | head. [potion of mutation]
  3265 | D:3      | Gained mutation: You expend magic power (3 MP) to
                  | strengthen your wands. [potion of mutation]
  3265 | D:3      | Gained mutation: Your spells are a little easier to cast,
                  | but a little less powerful. [potion of mutation]
  3265 | D:3      | Gained mutation: You have supernaturally acute eyesight.
                  | (SInv) [potion of mutation]
  3269 | D:3      | Learned a level 2 spell: Wereblood
  3273 | D:3      | Learned a level 3 spell: Spider Form
  5114 | D:4      | Reached XP level 6. HP: 29/42 MP: 11/11
  5433 | D:4      | Learned a level 5 spell: Blade Hands
  5614 | D:4      | Reached skill level 4 in Transmutations
  5949 | D:4      | Found a runed translucent door.
  5949 | D:4      | Noticed Blackmass's ghost (amateur OpTm)
  6626 | D:4      | Reached XP level 7. HP: 38/46 MP: 11/13
  6858 | D:5      | Entered Level 5 of the Dungeon
  6932 | D:5      | Found a shimmering blue altar of Sif Muna.
  6946 | D:5      | Lost mutation: You expend magic power (3 MP) to strengthen
                  | your wands. [potion of mutation]
  6946 | D:5      | Lost mutation: Your spells are a little easier to cast, but
                  | a little less powerful. [potion of mutation]
  6946 | D:5      | Gained mutation: Your spells are a little easier to cast,
                  | but a little less powerful. [potion of mutation]
  6946 | D:5      | Lost mutation: You have supernaturally acute eyesight.
                  | (SInv) [potion of mutation]
  6946 | D:5      | Gained mutation: One of your tentacles bears a spike.
                  | [potion of mutation]
  6976 | D:4      | Learned a level 4 spell: Ice Form
  7063 | D:5      | Reached skill level 5 in Transmutations
  8084 | D:5      | Found a glowing silver altar of Zin.
  8380 | D:5      | Reached skill level 6 in Transmutations
  8592 | D:5      | Identified Sif Muna's Reference Book on Translocation
  9029 | D:6      | Found Wihoniov's Antique Armour Boutique.
  9310 | D:6      | Reached skill level 7 in Transmutations
  9310 | D:6      | Reached XP level 8. HP: 15/52 MP: 14/14
  9542 | D:6      | Reached skill level 8 in Transmutations
  9628 | D:6      | Found a glowing golden altar of the Shining One.
  9629 | D:6      | Found an ancient bone altar of Kikubaaqudgha.
  9630 | D:6      | Noticed Eustachio
  9643 | D:6      | Killed Eustachio
  9652 | D:6      | Found an opulent altar of Gozag.
  9743 | D:6      | Found a staircase to the Ecumenical Temple.
  9785 | Temple   | Entered the Ecumenical Temple
  9810 | Temple   | Became a worshipper of Cheibriados the Contemplative
  9940 | D:6      | Found a burning altar of Makhleb.
 10395 | D:6      | Found Homaevum's Antique Weapon Boutique.
 10961 | D:7      | Found an iron altar of Okawaru.
 10962 | D:7      | Noticed an oklob plant
 11094 | D:7      | Reached XP level 9. HP: 39/59 MP: 11/15
 11755 | D:8      | Reached skill level 5 in Unarmed Combat
 11780 | D:8      | Found a broken altar of Ashenzari.
 12113 | D:8      | Noticed PanSaczeczos's ghost (novice OpVM)
 12205 | D:8      | Reached skill level 5 in Fighting
 12540 | D:8      | Found a runed translucent gate.
 12541 | D:8      | Found a runed translucent gate.
 12569 | D:8      | Found an ornate altar of the Wu Jian Council.
 12574 | D:8      | Reached * piety under Cheibriados
 12721 | D:8      | Found a runed translucent gate.
 13333 | D:4      | Killed Blackmass's ghost
 13952 | D:8      | Reached skill level 5 in Spellcasting
 14430 | D:9      | Reached skill level 9 in Transmutations
 14599 | D:8      | Was placed under penance by Cheibriados
 14600 | D:8      | HP: 3/93 [poisoned by a killer bee]
 14602 | D:8      | Succumbed to a killer bee's poison

Illustrated notes

Levels and vault maps discovered:
D:1:      dpeg_arrival_arbitrary_b, layout_loops_corners, minmay_fountain_box,
          minivault_5, roderic_lattice_a, feat_on_display
D:2:      layout_rooms, old_standard_altar, nicolae_overflow_crystal_walls,
          eat_drink_and_be_merry_uskayaw
D:3:      layout_basic
D:4:      wad_river_or_something, layout_loops_ring, gammafunk_ghost_grave
D:5:      layout_basic, zin_academy, led_sif_book
D:6:      layout_gridville, overflow_temple_1_default, makhleb_grotto_becter,
          chequers_temple_overflow_statue_of_worship,
          minmay_temple_entry_antechambers, serial_shops, shop,
          nicolae_shop_stone, chequers_serial_rivers_small_a, uniq_eustachio
D:7:      layout_cave_pools, kennysheep_flooded_box, lemuel_oklob_altar
D:8:      layout_loops_ring, kennysheep_little_box, basic_altar,
          gammafunk_ghost_icy
D:9:      layout_basic, minmay_nine_imps, uniq_maurice
Temple:   cyrus_circular_temple

Skill      XL: |  1  2  3  4  5  6  7  8  9 |
---------------+----------------------------+-----
Fighting       | 2 3 4 6 |  6.2
Transmutations | 3 4 7 8 9 |  9.2
Spellcasting   | 3 4 5 |  5.4
Unarmed Combat | 4 6 |  6.0
Dodging        | |  2.0

Action                   |  1- 3 |  4- 6 |  7- 9 || total
-------------------------+-------+-------+-------++-------
Melee: Unarmed           |    61 |   136 |   231 ||   428
       Kick              |    23 |    37 |    47 ||   107
       Constrict         |    15 |    42 |    40 ||    97
       Tentacles         |     8 |    24 |    25 ||    57
       Punch             |     1 |     1 |     6 ||     8
Throw: Stone             |       |    18 |       ||    18
       Dart              |       |    46 |    97 ||   143
 Cast: Beastly Appendage |    21 |    47 |       ||    68
       Wereblood         |       |     5 |     4 ||     9
       Spider Form       |       |       |     9 ||     9
       Blade Hands       |       |       |     8 ||     8
Evoke: Wand              |       |       |     4 ||     4
  Use: Potion            |     1 |     5 |     5 ||    11
       Scroll            |       |    12 |    10 ||    22
 Stab: Sleeping          |     1 |     1 |     2 ||     4
Armor: Skin              |     6 |     6 |     8 ||    20
Dodge: Dodged            |    29 |    71 |   150 ||   250

Table legend: (Time is in decaauts)
 A = Elapsed time spent in this place.
 B = Non-inter-level travel time spent in this place.
 C = Inter-level travel time spent in this place.
 D = Time resting spent in this place.
 E = Time spent auto-exploring this place.
 F = Levels seen in this place.
 G = Mean time per level.
                   A        B        C        D        E       F      G
               +--------+--------+--------+--------+--------+-----+--------+
         Total |  15314 |  14092 |   1222 |   5658 |   6230 |  10 | 1531.4 |
       Dungeon |  15270 |  14060 |   1210 |   5658 |   6230 |   9 | 1696.7 |
        Temple |     44 |     33 |     11 |      0 |      0 |   1 |   44.0 |
               +--------+--------+--------+--------+--------+-----+--------+

Top non-repeatable levels by time:
     D:8: 2714 daAuts
     D:4: 2579 daAuts
     D:6: 2453 daAuts
     D:5: 1882 daAuts
     D:3: 1814 daAuts
     D:1: 1588 daAuts
     D:2: 1101 daAuts
     D:7: 871 daAuts
     D:9: 265 daAuts
  Temple: 44 daAuts
